[Event "Live Chess"]
[Site "Chess.com"]
[Date "2011.02.01"]
[Round "-"]
[White "paaras55"]
[Black "hipposcottimus"]
[Result "0-1"]
[CurrentPosition "r1b1r1k1/ppp2ppp/2p5/5q2/2N5/N2R2K1/PP4PP/R1B5 b - -"]
[Timezone "UTC"]
[ECO "C65"]
[ECOUrl "https://www.chess.com/openings/Ruy-Lopez-Opening-Berlin-Defense-4.Bxc6-dxc6"]
[UTCDate "2011.02.01"]
[UTCTime "06:54:14"]
[WhiteElo "1195"]
[BlackElo "1444"]
[TimeControl "180"]
[Termination "hipposcottimus won by resignation"]
[StartTime "06:54:14"]
[EndDate "2011.02.01"]
[EndTime "06:55:58"]
[Link "https://www.chess.com/game/live/93553478"]

1. e4 e5 2. Nf3 Nc6 3. Bb5 Nf6 4. Bxc6 dxc6 5. Nxe5 Nxe4 6. Nc4 Bc5 7. Qe2 Bxf2+ 8. Kf1 Qe7 9. d3 Ng3+ 10. Kxf2 Qxe2+ 11. Kxg3 Qxc2 12. Nba3 Qxd3+ 13. Kf2 O-O 14. Rd1 Qf5+ 15. Kg3 Re8 16. Rd3 0-1

[Event "Live Chess"]
[Site "Chess.com"]
[Date "2011.02.01"]
[Round "-"]
[White "hipposcottimus"]
[Black "paaras55"]
[Result "1-0"]
[CurrentPosition "2k5/p1p3pp/2p5/2br4/6N1/8/PPPP1PPP/RNB2RK1 b - -"]
[Timezone "UTC"]
[ECO "C57"]
[ECOUrl "https://www.chess.com/openings/Italian-Game-Fried-Liver-Attack"]
[UTCDate "2011.02.01"]
[UTCTime "06:52:11"]
[WhiteElo "1441"]
[BlackElo "1198"]
[TimeControl "180"]
[Termination "hipposcottimus won by resignation"]
[StartTime "06:52:11"]
[EndDate "2011.02.01"]
[EndTime "06:54:04"]
[Link "https://www.chess.com/game/live/93553076"]

1. e4 e5 2. Nf3 Nc6 3. Bc4 Nf6 4. Ng5 d5 5. exd5 Nxd5 6. Nxf7 Qd7 7. Nxh8 Qg4 8. Qxg4 Bxg4 9. Bxd5 O-O-O 10. Bxc6 bxc6 11. O-O Bc5 12. Nf7 Rd4 13. Nxe5 Rd5 14. Nxg4 1-0

[Event "Live Chess"]
[Site "Chess.com"]
[Date "2011.02.01"]
[Round "-"]
[White "hipposcottimus"]
[Black "Nephesh"]
[Result "1-0"]
[CurrentPosition "2kr4/pb5R/7p/1Ppn2p1/3p4/6B1/1PP3PP/R5K1 b - -"]
[Timezone "UTC"]
[ECO "C41"]
[ECOUrl "https://www.chess.com/openings/Philidor-Defense-3.Bc4"]
[UTCDate "2011.02.01"]
[UTCTime "06:48:48"]
[WhiteElo "1438"]
[BlackElo "1529"]
[TimeControl "180"]
[Termination "hipposcottimus won by resignation"]
[StartTime "06:48:48"]
[EndDate "2011.02.01"]
[EndTime "06:51:57"]
[Link "https://www.chess.com/game/live/93552374"]

1. e4 e5 2. Nf3 d6 3. Bc4 c6 4. d4 d5 5. Bb3 dxe4 6. Nfd2 exd4 7. Nxe4 Qe7 8. f3 f5 9. Qe2 fxe4 10. fxe4 Nf6 11. O-O Qxe4 12. Re1 Qxe2 13. Rxe2+ Be7 14. Bg5 Nbd7 15. Nd2 b5 16. a4 c5 17. axb5 h6 18. Bf4 g5 19. Bd5 Nxd5 20. Bd6 Bb7 21. Nf3 Rh7 22. Bg3 O-O-O 23. Ne5 Nxe5 24. Rxe5 Kb8 25. Rxe7+ Kc8 26. Rxh7 1-0

[Event "Live Chess"]
[Site "Chess.com"]
[Date "2011.02.01"]
[Round "-"]
[White "mattcrossette"]
[Black "hipposcottimus"]
[Result "0-1"]
[CurrentPosition "5r2/5Pk1/2p5/p7/2BPp3/P1P5/2P4K/5R2 w - -"]
[Timezone "UTC"]
[ECO "C31"]
[ECOUrl "https://www.chess.com/openings/Kings-Gambit-Declined-Falkbeer-Accepted-Staunton-Line"]
[UTCDate "2011.02.01"]
[UTCTime "06:41:55"]
[WhiteElo "1755"]
[BlackElo "1816"]
[TimeControl "60"]
[Termination "hipposcottimus won on time"]
[StartTime "06:41:55"]
[EndDate "2011.02.01"]
[EndTime "06:44:06"]
[Link "https://www.chess.com/game/live/93551014"]

1. e4 e5 2. f4 d5 3. exd5 e4 4. Bc4 Nf6 5. Nc3 c6 6. dxc6 bxc6 7. Nge2 Bb4 8. O-O O-O 9. d4 Bg4 10. Be3 a5 11. h3 Bh5 12. g4 Nxg4 13. hxg4 Bxg4 14. Qe1 Bf3 15. Qg3 Qf6 16. a3 Qh6 17. Qh2 Qg6+ 18. Ng3 Bxc3 19. bxc3 Nd7 20. f5 Qg5 21. Bxg5 h6 22. Bxh6 gxh6 23. Qxh6 Nf6 24. Qxf6 Rfe8 25. Qxf7+ Kh8 26. f6 Rg8 27. Qh5+ Bxh5 28. f7 Rxg3+ 29. Kh2 Rg7 30. Rf5 Rf8 31. Rxh5+ Rh7 32. Rxh7+ Kxh7 33. Rf1 Kg7 0-1

[Event "Live Chess"]
[Site "Chess.com"]
[Date "2011.02.01"]
[Round "-"]
[White "hipposcottimus"]
[Black "mattcrossette"]
[Result "1-0"]
[CurrentPosition "8/2k4p/2p3p1/2P3b1/6P1/P3pK1n/1P5P/4R3 b - -"]
[Timezone "UTC"]
[ECO "B00"]
[ECOUrl "https://www.chess.com/openings/Kings-Pawn-Opening-Duras-Gambit"]
[UTCDate "2011.02.01"]
[UTCTime "06:39:30"]
[WhiteElo "1809"]
[BlackElo "1762"]
[TimeControl "60"]
[Termination "hipposcottimus won on time"]
[StartTime "06:39:30"]
[EndDate "2011.02.01"]
[EndTime "06:41:39"]
[Link "https://www.chess.com/game/live/93550538"]

1. e4 f5 2. e5 d6 3. d4 dxe5 4. d5 Nf6 5. Nf3 e4 6. Ne5 Qxd5 7. Qxd5 Nxd5 8. Bc4 c6 9. Bb3 e6 10. Nc3 Bb4 11. Bd2 O-O 12. O-O Nd7 13. a3 Bxc3 14. Nxd7 Bxd2 15. Nxf8 Kxf8 16. Rad1 Bf4 17. c4 Nf6 18. Rd8+ Ke7 19. Rfd1 Bd7 20. Rxa8 e3 21. Rxa7 exf2+ 22. Kxf2 Ne4+ 23. Kf1 Nd2+ 24. Ke2 e5 25. Rxb7 e4 26. c5 e3 27. Rxd7+ Kxd7 28. Rc1 Kc7 29. Be6 Bg5 30. Bxf5 g6 31. Bh3 Ne4 32. g4 Nf2 33. Kf3 Nxh3 34. Re1 1-0

[Event "Live Chess"]
[Site "Chess.com"]
[Date "2011.02.01"]
[Round "-"]
[White "mattcrossette"]
[Black "hipposcottimus"]
[Result "0-1"]
[CurrentPosition "1k1r4/ppn1R2p/3r4/3RQ3/2P2P2/8/PP4PP/6K1 w - -"]
[Timezone "UTC"]
[ECO "C30"]
[ECOUrl "https://www.chess.com/openings/Kings-Gambit-Declined-Queens-Knight-Defense-3.Nf3"]
[UTCDate "2011.02.01"]
[UTCTime "06:37:09"]
[WhiteElo "1769"]
[BlackElo "1802"]
[TimeControl "60"]
[Termination "hipposcottimus won on time"]
[StartTime "06:37:09"]
[EndDate "2011.02.01"]
[EndTime "06:39:15"]
[Link "https://www.chess.com/game/live/93550085"]

1. e4 e5 2. f4 Nc6 3. Nf3 d5 4. exd5 Qxd5 5. d3 Bg4 6. Be2 Bc5 7. c4 Qd7 8. Nxe5 Bxe2 9. Nxd7 Kxd7 10. Qxe2 Rd8 11. Be3 Bd4 12. Bxd4 Nxd4 13. Qg4+ f5 14. Qxg7+ Ne7 15. Qxd4+ Kc8 16. Qe5 Nc6 17. Qe6+ Kb8 18. O-O Rxd3 19. Qxf5 Rhd8 20. Nc3 R3d7 21. Nd5 Rd6 22. Rae1 Nb4 23. Re7 Na6 24. Rd1 c6 25. Qe5 cxd5 26. Rxd5 Nc7 0-1

[Event "Live Chess"]
[Site "Chess.com"]
[Date "2011.02.01"]
[Round "-"]
[White "hipposcottimus"]
[Black "mattcrossette"]
[Result "1-0"]
[CurrentPosition "1k1r4/ppp4p/3b1Qp1/3P4/8/4q3/P5PP/3R1R1K b - -"]
[Timezone "UTC"]
[ECO "A04"]
[ECOUrl "https://www.chess.com/openings/Reti-Opening-Dutch-Lisitsyn-Gambit"]
[UTCDate "2011.02.01"]
[UTCTime "06:34:55"]
[WhiteElo "1794"]
[BlackElo "1777"]
[TimeControl "60"]
[Termination "hipposcottimus won on time"]
[StartTime "06:34:55"]
[EndDate "2011.02.01"]
[EndTime "06:36:43"]
[Link "https://www.chess.com/game/live/93549673"]

1. e4 f5 2. Nf3 fxe4 3. Ng5 Nf6 4. f3 exf3 5. Nxf3 d6 6. d4 Bg4 7. Nc3 Nc6 8. Be2 Qd7 9. O-O O-O-O 10. Be3 e6 11. Bf2 Nd5 12. Nxd5 exd5 13. c4 dxc4 14. d5 Ne5 15. Nxe5 Bxe2 16. Qxe2 Qe7 17. Bg3 dxe5 18. Bxe5 g6 19. Qg4+ Kb8 20. Bf6 Qe3+ 21. Kh1 Bd6 22. Bxd8 Rxd8 23. Rae1 Qc5 24. Qe6 c3 25. bxc3 Qxc3 26. Rc1 Qd2 27. Rcd1 Qe3 28. Qf6 1-0

[Event "Live Chess"]
[Site "Chess.com"]
[Date "2011.02.01"]
[Round "-"]
[White "hipposcottimus"]
[Black "makamshabbu17"]
[Result "1-0"]
[CurrentPosition "3R1k2/6pp/2p1B3/6B1/8/8/PP3PPP/6K1 b - -"]
[Timezone "UTC"]
[ECO "B07"]
[ECOUrl "https://www.chess.com/openings/Pirc-Defense-Maroczy-Defense-3.dxe5-dxe5-4.Qxd8-Kxd8"]
[UTCDate "2011.02.01"]
[UTCTime "06:33:21"]
[WhiteElo "1786"]
[BlackElo "1140"]
[TimeControl "60"]
[Termination "hipposcottimus won by checkmate"]
[StartTime "06:33:21"]
[EndDate "2011.02.01"]
[EndTime "06:34:47"]
[Link "https://www.chess.com/game/live/93549336"]

1. e4 d6 2. d4 e5 3. dxe5 dxe5 4. Qxd8+ Kxd8 5. Nf3 Be6 6. Nxe5 Nc6 7. Nxc6+ bxc6 8. c4 Bc5 9. Nc3 Rb8 10. Bd3 Bxc4 11. Bxc4 Nf6 12. O-O Nxe4 13. Nxe4 Ke8 14. Nxc5 a6 15. Nxa6 Rb6 16. Nxc7+ Kd7 17. Na6 Rxa6 18. Bxa6 Kc7 19. Bc4 Rd8 20. Bf4+ Kc8 21. Bxf7 Rd4 22. Be6+ Kd8 23. Bg5+ Ke8 24. Rad1 Rxd1 25. Rxd1 Kf8 26. Rd8# 1-0

[Event "Live Chess"]
[Site "Chess.com"]
[Date "2011.02.01"]
[Round "-"]
[White "thejas"]
[Black "hipposcottimus"]
[Result "0-1"]
[CurrentPosition "8/P6p/5pp1/2Nk4/3P4/5P2/2K3PP/8 w - -"]
[Timezone "UTC"]
[ECO "A10"]
[ECOUrl "https://www.chess.com/openings/English-Opening-Jaenisch-Gambit"]
[UTCDate "2011.02.01"]
[UTCTime "06:30:46"]
[WhiteElo "1513"]
[BlackElo "1786"]
[TimeControl "60"]
[Termination "hipposcottimus won on time"]
[StartTime "06:30:46"]
[EndDate "2011.02.01"]
[EndTime "06:32:56"]
[Link "https://www.chess.com/game/live/93548880"]

1. c4 b5 2. Nc3 bxc4 3. e4 Ba6 4. Qa4 e5 5. Bxc4 Nf6 6. Nf3 Bxc4 7. Qxc4 c6 8. Nxe5 d5 9. exd5 cxd5 10. Qb5+ Nbd7 11. Nc6 Qb6 12. Qxb6 axb6 13. Nd4 Bc5 14. Ndb5 O-O 15. Nc7 Rac8 16. N7xd5 Ng4 17. f3 Nf2 18. Rf1 Nd3+ 19. Ke2 Nxc1+ 20. Raxc1 Rfe8+ 21. Kd1 b5 22. Re1 Bb6 23. Rxe8+ Rxe8 24. Nxb6 Nxb6 25. Nxb5 Rb8 26. Nd6 Na4 27. Rc8+ Rxc8 28. Nxc8 Nxb2+ 29. Kc2 Na4 30. Nd6 Nc5 31. Ne4 g6 32. Nxc5 Kg7 33. d4 f6 34. a4 Kf7 35. a5 Ke7 36. a6 Kd6 37. a7 Kd5 0-1

[Event "Live Chess"]
[Site "Chess.com"]
[Date "2011.02.01"]
[Round "-"]
[White "hipposcottimus"]
[Black "thejas"]
[Result "1-0"]
[CurrentPosition "r2q1rk1/pp1n2Qp/2p2p1B/3pPP2/1b1P4/2N5/PP4PP/R4RK1 b - -"]
[Timezone "UTC"]
[ECO "B12"]
[ECOUrl "https://www.chess.com/openings/Caro-Kann-Defense-Advance-Variation-3...Bf5-4.c4-e6"]
[UTCDate "2011.02.01"]
[UTCTime "06:29:18"]
[WhiteElo "1783"]
[BlackElo "1516"]
[TimeControl "60"]
[Termination "hipposcottimus won by checkmate"]
[StartTime "06:29:18"]
[EndDate "2011.02.01"]
[EndTime "06:30:29"]
[Link "https://www.chess.com/game/live/93548613"]

1. e4 c6 2. d4 d5 3. e5 Bf5 4. c4 e6 5. f3 Ne7 6. Bd3 Bxd3 7. Qxd3 Nf5 8. Ne2 Be7 9. O-O O-O 10. Nbc3 Bg5 11. f4 Be7 12. cxd5 exd5 13. Ng3 Nxg3 14. Qxg3 Bb4 15. f5 Nd7 16. Bh6 f6 17. Qxg7# 1-0

[Event "Live Chess"]
[Site "Chess.com"]
[Date "2011.02.01"]
[Round "-"]
[White "thejas"]
[Black "hipposcottimus"]
[Result "0-1"]
[CurrentPosition "6k1/p4rp1/1p2b2p/4QpnP/8/2PP4/P2NPPP1/R3KBR1 w Q -"]
[Timezone "UTC"]
[ECO "A00"]
[ECOUrl "https://www.chess.com/openings/Mieses-Opening-Reversed-Rat-Variation"]
[UTCDate "2011.02.01"]
[UTCTime "06:27:10"]
[WhiteElo "1519"]
[BlackElo "1780"]
[TimeControl "60"]
[Termination "hipposcottimus won on time"]
[StartTime "06:27:10"]
[EndDate "2011.02.01"]
[EndTime "06:29:04"]
[Link "https://www.chess.com/game/live/93548171"]

1. d3 e5 2. c4 f5 3. Nc3 Nf6 4. Bg5 Bb4 5. Nf3 d5 6. cxd5 Qxd5 7. Nd2 Bxc3 8. bxc3 Nfd7 9. Rg1 Qa5 10. Qb3 Nc5 11. Qd5 Ne6 12. Qxa5 b6 13. Qxe5 Nc6 14. Qd5 Nxg5 15. Qxc6+ Bd7 16. Qxa8+ Kf7 17. Qd5+ Be6 18. Qc6 Re8 19. Qxc7+ Re7 20. Qe5 Kg8 21. h4 Rf7 22. h5 h6 0-1

[Event "Live Chess"]
[Site "Chess.com"]
[Date "2011.02.01"]
[Round "-"]
[White "Brock_Sampson"]
[Black "hipposcottimus"]
[Result "0-1"]
[CurrentPosition "5r1k/ppp3pp/3p1q2/4p3/8/1PP5/1P1Q3P/1K6 w - -"]
[Timezone "UTC"]
[ECO "C20"]
[ECOUrl "https://www.chess.com/openings/Kings-Pawn-Opening-Napoleon-Attack"]
[UTCDate "2011.02.01"]
[UTCTime "06:24:48"]
[WhiteElo "1507"]
[BlackElo "1777"]
[TimeControl "60"]
[Termination "hipposcottimus won on time"]
[StartTime "06:24:48"]
[EndDate "2011.02.01"]
[EndTime "06:26:53"]
[Link "https://www.chess.com/game/live/93547712"]

1. e4 e5 2. Qf3 Nc6 3. Nh3 Nd4 4. Qd1 Nf6 5. Bc4 Nxe4 6. f3 Nd6 7. Bd3 N6f5 8. Bxf5 Nxf5 9. g4 Nh4 10. d3 d6 11. Bg5 Be7 12. Bxe7 Qxe7 13. Nc3 O-O 14. Qe2 Qd8 15. O-O-O f5 16. Nd5 fxg4 17. fxg4 Nf3 18. Rhf1 Nd4 19. Rxf8+ Qxf8 20. Qe1 Bxg4 21. Nf2 Bxd1 22. Qxd1 Qxf2 23. c3 Ne2+ 24. Kd2 Rf8 25. Ne7+ Kh8 26. d4 Nxd4+ 27. Kc1 Nb3+ 28. Kb1 Qf6 29. axb3 Qxe7 30. Qd2 Qf6 0-1

[Event "Live Chess"]
[Site "Chess.com"]
[Date "2011.02.01"]
[Round "-"]
[White "hipposcottimus"]
[Black "MALVINASARGENTINAS"]
[Result "1-0"]
[CurrentPosition "rn1Qkq2/pN4pp/bpp2n2/8/2B1P3/N7/PPP2PPP/R1B1K2R b KQ -"]
[Timezone "UTC"]
[ECO "C41"]
[ECOUrl "https://www.chess.com/openings/Philidor-Defense-3.Bc4"]
[UTCDate "2011.02.01"]
[UTCTime "06:23:50"]
[WhiteElo "1774"]
[BlackElo "1248"]
[TimeControl "60"]
[Termination "hipposcottimus won by checkmate"]
[StartTime "06:23:50"]
[EndDate "2011.02.01"]
[EndTime "06:24:38"]
[Link "https://www.chess.com/game/live/93547504"]

1. e4 e5 2. Nf3 d6 3. Bc4 c6 4. d4 b6 5. dxe5 Ba6 6. Na3 dxe5 7. Nxe5 Bd6 8. Nxf7 Kd7 9. Nxh8 Nf6 10. Nf7 Qf8 11. Nxd6 Kd8 12. Nb7+ Ke8 13. Qd8# 1-0

[Event "Live Chess"]
[Site "Chess.com"]
[Date "2011.02.01"]
[Round "-"]
[White "smpcorporation"]
[Black "hipposcottimus"]
[Result "0-1"]
[CurrentPosition "2b2rk1/1p1r2p1/1R6/2Pp1pP1/3P1Pq1/4p1N1/P4KB1/5Q2 w - -"]
[Timezone "UTC"]
[ECO "A00"]
[ECOUrl "https://www.chess.com/openings/Kings-Fianchetto-Opening-1...e5-2.Bg2-d5"]
[UTCDate "2011.02.01"]
[UTCTime "06:21:08"]
[WhiteElo "1474"]
[BlackElo "1773"]
[TimeControl "60"]
[Termination "hipposcottimus won on time"]
[StartTime "06:21:08"]
[EndDate "2011.02.01"]
[EndTime "06:22:59"]
[Link "https://www.chess.com/game/live/93546983"]

1. g3 e5 2. Bg2 d5 3. b3 c5 4. Bb2 e4 5. c3 f6 6. e3 Nc6 7. Ne2 Bd6 8. O-O Nge7 9. f4 Bc7 10. Ba3 f5 11. Bxc5 O-O 12. Bxe7 Qxe7 13. d3 Be6 14. d4 Nd8 15. Nd2 Nf7 16. Nb1 Nh6 17. Nd2 Ng4 18. h3 Nxe3 19. Qe1 Nxf1 20. Qxf1 Bb6 21. b4 Rac8 22. Nb3 a5 23. Nc5 axb4 24. cxb4 Bxc5 25. bxc5 Rcd8 26. Rb1 Bc8 27. Rb6 Rd7 28. g4 Qf7 29. g5 h6 30. h4 hxg5 31. hxg5 Qh5 32. Ng3 Qg4 33. Kf2 e3+ 0-1

[Event "Live Chess"]
[Site "Chess.com"]
[Date "2011.02.01"]
[Round "-"]
[White "hipposcottimus"]
[Black "Nugget777"]
[Result "1-0"]
[CurrentPosition "r2qk2r/p2pnQ2/6p1/2P1P1bp/8/8/4B2P/R4R1K b kq -"]
[Timezone "UTC"]
[ECO "C00"]
[ECOUrl "https://www.chess.com/openings/French-Defense-Knight-Variation"]
[UTCDate "2011.02.01"]
[UTCTime "06:19:03"]
[WhiteElo "1771"]
[BlackElo "1679"]
[TimeControl "60"]
[Termination "hipposcottimus won by checkmate"]
[StartTime "06:19:03"]
[EndDate "2011.02.01"]
[EndTime "06:20:50"]
[Link "https://www.chess.com/game/live/93546583"]

1. e4 e6 2. Nf3 Be7 3. d4 c6 4. e5 Bb4+ 5. c3 Be7 6. c4 b5 7. c5 Qa5+ 8. b4 Qxb4+ 9. Bd2 Qa4 10. Nc3 Qa6 11. Be2 Bb7 12. O-O f6 13. Bg5 fxg5 14. Qd2 g6 15. a4 Qa5 16. axb5 Qd8 17. bxc6 Bxc6 18. Na4 h5 19. Nc3 g4 20. Ne1 Bg5 21. f4 gxf3 22. Qa2 fxg2 23. Nxg2 Bxg2 24. Kxg2 Nc6 25. Kh1 Nge7 26. d5 exd5 27. Nxd5 Nxd5 28. Qxd5 Ne7 29. Qf7# 1-0

[Event "Live Chess"]
[Site "Chess.com"]
[Date "2011.02.01"]
[Round "-"]
[White "Nugget777"]
[Black "hipposcottimus"]
[Result "1-0"]
[CurrentPosition "r1b2k2/ppp2Qp1/3b3N/2n1p2P/P7/6P1/1PPN1P2/R4RK1 b - -"]
[Timezone "UTC"]
[ECO "C20"]
[ECOUrl "https://www.chess.com/openings/Kings-Pawn-Opening-Leonardis-Variation"]
[UTCDate "2011.02.01"]
[UTCTime "06:17:31"]
[WhiteElo "1685"]
[BlackElo "1765"]
[TimeControl "60"]
[Termination "Nugget777 won by checkmate"]
[StartTime "06:17:31"]
[EndDate "2011.02.01"]
[EndTime "06:19:00"]
[Link "https://www.chess.com/game/live/93546301"]

1. e4 e5 2. d3 Nc6 3. Be3 Nf6 4. Be2 d5 5. Nf3 dxe4 6. dxe4 Bd6 7. Nbd2 O-O 8. O-O Ng4 9. h3 Nf6 10. Bg5 Nd7 11. Bxd8 Nxd8 12. g3 f5 13. exf5 Rxf5 14. h4 Nb6 15. Bd3 Rf6 16. Qe2 Re6 17. Qe4 Rg6 18. a4 Nd7 19. Qc4+ Ne6 20. Bxg6 hxg6 21. Qxe6+ Kh7 22. Ng5+ Kh6 23. Nf7+ Kh7 24. h5 Nc5 25. Qxg6+ Kg8 26. Nh6+ Kf8 27. Qf7# 1-0

[Event "Live Chess"]
[Site "Chess.com"]
[Date "2011.02.01"]
[Round "-"]
[White "joshgregory7"]
[Black "hipposcottimus"]
[Result "1-0"]
[CurrentPosition "5R2/7p/2B2Q2/R6k/8/5P2/P1P2P1P/6K1 b - -"]
[Timezone "UTC"]
[ECO "C55"]
[ECOUrl "https://www.chess.com/openings/Italian-Game-Two-Knights-Defense-4.O-O"]
[UTCDate "2011.02.01"]
[UTCTime "06:15:19"]
[WhiteElo "1602"]
[BlackElo "1774"]
[TimeControl "60"]
[Termination "joshgregory7 won by checkmate"]
[StartTime "06:15:19"]
[EndDate "2011.02.01"]
[EndTime "06:17:17"]
[Link "https://www.chess.com/game/live/93545838"]

1. e4 e5 2. Nf3 Nc6 3. Bc4 Nf6 4. O-O d5 5. exd5 e4 6. dxc6 exf3 7. Re1+ Be7 8. Qxf3 Rb8 9. d4 bxc6 10. Qxc6+ Bd7 11. Qf3 Rb6 12. Nc3 O-O 13. Nd5 Bc6 14. Nxe7+ Kh8 15. Nxc6 Qd6 16. Ne5 Qxd4 17. Nxf7+ Rxf7 18. Bxf7 Ng4 19. Be3 Ne5 20. Bxd4 Nxf3+ 21. gxf3 Rf6 22. Bxf6 gxf6 23. Re8+ Kg7 24. Be6 Kg6 25. Bd7 Kh6 26. Rae1 Kg6 27. R1e7 Kh6 28. Bc6 Kg6 29. Rxc7 Kg5 30. Rxa7 Kf5 31. b4 Kf4 32. b5 Kf5 33. b6 Kf4 34. b7 Kf5 35. b8=Q Kg5 36. Qb7 Kg6 37. Qe7 Kf5 38. Rf8 Kg6 39. Qxf6+ Kh5 40. Ra5# 1-0

[Event "Live Chess"]
[Site "Chess.com"]
[Date "2011.02.01"]
[Round "-"]
[White "hipposcottimus"]
[Black "joshgregory7"]
[Result "0-1"]
[CurrentPosition "8/1p6/3p1kB1/2p1pP2/8/q7/1r2K3/8 w - -"]
[Timezone "UTC"]
[ECO "C51"]
[ECOUrl "https://www.chess.com/openings/Giuoco-Piano-Game-Evans-Accepted-Anderssen-Variation"]
[UTCDate "2011.02.01"]
[UTCTime "06:12:51"]
[WhiteElo "1774"]
[BlackElo "1602"]
[TimeControl "60"]
[Termination "joshgregory7 won on time"]
[StartTime "06:12:51"]
[EndDate "2011.02.01"]
[EndTime "06:15:02"]
[Link "https://www.chess.com/game/live/93545342"]

1. e4 e5 2. Nf3 Nc6 3. Bc4 Bc5 4. b4 Bxb4 5. c3 Be7 6. O-O Nf6 7. d3 d6 8. Bg5 O-O 9. Bxf6 Bxf6 10. d4 exd4 11. cxd4 Bg4 12. Nbd2 Nxd4 13. Qa4 Nxf3+ 14. Nxf3 Bxa1 15. Rxa1 Bxf3 16. gxf3 Qg5+ 17. Kh1 Qf4 18. Rg1 Qxf3+ 19. Rg2 h5 20. Qb3 Qxb3 21. Bxb3 Kh8 22. Rg3 f6 23. Rf3 g5 24. Rf5 Rae8 25. h4 gxh4 26. Rxh5+ Kg7 27. Rxh4 Re5 28. f3 Rg5 29. Kh2 Rh8 30. Rxh8 Kxh8 31. Kh3 Rc5 32. Kg4 Kg7 33. f4 Kg6 34. e5 fxe5 35. f5+ Kf6 36. Bg8 Rc1 37. Bh7 Rg1+ 38. Kh5 Ra1 39. Kg4 Rxa2 40. Bg6 Ra4+ 41. Kf3 Rb4 42. Kg3 a5 43. Kf3 a4 44. Ke2 a3 45. Kd2 c5 46. Kc2 a2 47. Kc3 a1=Q+ 48. Kd3 Qa3+ 49. Ke2 Rb2+ 0-1

[Event "Live Chess"]
[Site "Chess.com"]
[Date "2011.02.01"]
[Round "-"]
[White "joshgregory7"]
[Black "hipposcottimus"]
[Result "0-1"]
[CurrentPosition "r3r1k1/p4ppp/6q1/2p1p3/P2PPn2/B1P2P2/3Q1P1P/R3R1K1 w - -"]
[Timezone "UTC"]
[ECO "C65"]
[ECOUrl "https://www.chess.com/openings/Ruy-Lopez-Opening-Berlin-Defense-4.Bxc6-dxc6"]
[UTCDate "2011.02.01"]
[UTCTime "06:11:09"]
[WhiteElo "1602"]
[BlackElo "1774"]
[TimeControl "60"]
[Termination "hipposcottimus won by resignation"]
[StartTime "06:11:09"]
[EndDate "2011.02.01"]
[EndTime "06:12:26"]
[Link "https://www.chess.com/game/live/93545060"]

1. e4 e5 2. Nf3 Nc6 3. Bb5 Nf6 4. Bxc6 dxc6 5. O-O Bd6 6. Re1 Bg4 7. d3 O-O 8. Nbd2 c5 9. b3 b5 10. Bb2 c4 11. bxc4 bxc4 12. Nxc4 Bc5 13. Ncd2 Bd6 14. Nc4 Qd7 15. Nxd6 Qxd6 16. a4 Rfe8 17. Ba3 c5 18. Qd2 Bxf3 19. gxf3 Nh5 20. c3 Nf4 21. d4 Qg6+ 0-1

[Event "Live Chess"]
[Site "Chess.com"]
[Date "2011.02.01"]
[Round "-"]
[White "hipposcottimus"]
[Black "Nilesh"]
[Result "1-0"]
[CurrentPosition "8/2q3k1/2r4p/p2KQ3/P6P/8/6P1/8 b - -"]
[Timezone "UTC"]
[ECO "B20"]
[ECOUrl "https://www.chess.com/openings/Sicilian-Defense"]
[UTCDate "2011.02.01"]
[UTCTime "06:08:12"]
[WhiteElo "1774"]
[BlackElo "1758"]
[TimeControl "60"]
[Termination "hipposcottimus won on time"]
[StartTime "06:08:12"]
[EndDate "2011.02.01"]
[EndTime "06:10:29"]
[Link "https://www.chess.com/game/live/93544530"]

1. e4 c5 2. Bb5 Nc6 3. Bxc6 bxc6 4. c4 Nf6 5. d3 e5 6. f4 exf4 7. Bxf4 Be7 8. Qd2 O-O 9. Nf3 d5 10. O-O dxe4 11. dxe4 Qxd2 12. Nbxd2 Rd8 13. Rae1 Bg4 14. Nb3 a5 15. a4 h6 16. Nc1 Be6 17. Bg3 Bxc4 18. Ne2 Rd2 19. Nf4 Rxb2 20. Bh4 Bxf1 21. Bxf6 Bxf6 22. Nh5 Bc4 23. Nxf6+ gxf6 24. Rf1 Bxf1 25. Kxf1 Rb1+ 26. Kf2 Rd8 27. Kg3 Rd6 28. h3 f5 29. e5 Re6 30. h4 Rb3 31. Kf4 Rb4+ 32. Kxf5 c4 33. Nd4 c3 34. Nxe6 fxe6+ 35. Kxe6 c2 36. Kd6 c1=Q 37. e6 Qc4 38. Kc7 Rb6 39. e7 Qa6 40. Kd7 Qa7+ 41. Kd6 c5+ 42. Kxc5 Qc7+ 43. Kd5 Rc6 44. e8=Q+ Kg7 45. Qe5+ 1-0

[Event "Live Chess"]
[Site "Chess.com"]
[Date "2011.02.01"]
[Round "-"]
[White "hipposcottimus"]
[Black "Nilesh"]
[Result "1-0"]
[CurrentPosition "1r4k1/p3p1bp/2p1p1p1/2Nn1b2/8/5N2/P3RPPP/2R3K1 b - -"]
[Timezone "UTC"]
[ECO "B20"]
[ECOUrl "https://www.chess.com/openings/Sicilian-Defense"]
[UTCDate "2011.02.01"]
[UTCTime "06:06:42"]
[WhiteElo "1774"]
[BlackElo "1758"]
[TimeControl "60"]
[Termination "hipposcottimus won by resignation"]
[StartTime "06:06:42"]
[EndDate "2011.02.01"]
[EndTime "06:08:02"]
[Link "https://www.chess.com/game/live/93544209"]

1. e4 c5 2. Bb5 Nc6 3. Bxc6 bxc6 4. c4 Nf6 5. d3 d5 6. e5 Nd7 7. Nf3 Nb6 8. b3 dxc4 9. bxc4 g6 10. Nc3 Bg7 11. Bf4 O-O 12. O-O Bf5 13. Re1 Qxd3 14. Qb3 Qxc4 15. Qxc4 Nxc4 16. Rac1 Rab8 17. Re2 Nb6 18. e6 fxe6 19. Ne4 Nd5 20. Bxb8 Rxb8 21. Nxc5 1-0